 Dungeon Crawl Stone Soup version 0.23-a0-305-g7ffd15e (webtiles) character file.

70 namelastname112 the Bolt Thrower (level 4, 0/37 HPs)
             Began as a Draconian Hunter on Oct 9, 2018.
             Slain by a goblin
             ... wielding a +0 dagger
             ... led by Robin
              (1 damage)
             ... on level 3 of the Dungeon.
             The game lasted 00:02:43 (1477 turns).

namelastname112 the Bolt Thrower (Draconian Hunter) Turns: 1477, Time: 00:02:44

Health: 0/37       AC:  5    Str: 13 (15) XL:     4   Next: 3%
Magic:  4/4        EV: 12    Int: 15 (16) God:
Gold:   103        SH:  0    Dex:  9 (12) Spells: 3/3 levels left

rFire    . . .     SeeInvis .   b - +0 whip (elec)
rCold    . . .     Gourm    .   (no shield)
rNeg     . . .     Faith    .   (armour unavailable)
rPois    .         Spirit   .   (helmet restricted)
rElec    .         Reflect  .   (no cloak)
rCorr    .         Harm     .   (no gloves)
MR       .....                  (no boots)
Stlth    ++........             (no amulet)
HPRegen  0.12/turn              (no ring)
MPRegen  0.09/turn              (no ring)

@: brilliant
A: unfitting armour, cold-blooded, AC +5
a: no special abilities


You were on level 3 of the Dungeon.
You were hungry.

You visited 1 branch of the dungeon, and saw 3 of its levels.

You collected 103 gold pieces.

Inventory:

Hand Weapons
 a - a +1 hand crossbow
 b - a +0 whip of electrocution (weapon)
 e - a +0 short sword
 o - a +0 long sword
Missiles
 c - 20 bolts
Scrolls
 j - a scroll of noise {unknown}
 k - a scroll of remove curse {unknown}
 m - 2 scrolls of teleportation {unknown}
 n - 2 scrolls of identify {unknown}
 p - a scroll of enchant armour {unknown}
Potions
 l - a potion of mutation {unknown}
 q - a potion of haste
Comestibles
 d - 7 rations


   Skills:
 + Level 2.8 Fighting
 + Level 0.2 Long Blades
 * Level 4.2 Crossbows
 + Level 2.3 Dodging
 + Level 1.9 Stealth


You had 3 spell levels left.
You didn't know any spells.
Your spell library was empty.

Dungeon Overview and Level Annotations

Branches:
Dungeon (3/15)

Altars:

Annotations:
D:3 Robin, Sigmund


Innate Abilities, Weirdness & Mutations

Your plain brown scales are hard. (AC +5)
You cannot fit into any form of body armour.
You are cold-blooded and may be slowed by cold attacks.


Message History

The goblin hits you with a dagger.
* * * LOW HITPOINT WARNING * * *
A goblin comes into view.
A jackal comes into view.
You take 1 damage, and have 5/37 hp.
You barely miss something. The goblin closely misses you.
A goblin comes into view. It is wielding a club.
Something hits you.
* * * LOW HITPOINT WARNING * * *
The jackal barks!
You hear a bark!
You take 4 damage, and have 1/37 hp.
It was a potion of brilliance.
You feel clever all of a sudden.
You hear an angry hiss.
The goblin misses you. Something hits you but does no damage.
It was a potion of degeneration.
There was something very wrong with that liquid.
You feel weakened.
You feel dopey.
You feel clumsy.
The goblin shouts!
The goblin hits you with a dagger.
You die... .# #### ... ..# #.# #.# . ...##%## gg.

###.#...#####g.g..
#......?.g@{ggSg..
#.###...#####g##..
##.## #.## #<.#
##(# .# .# ..


You could see Robin, an adder, a hobgoblin and 7 goblins.

Vanquished Creatures
  An adder (D:2)
  An ooze (D:2)
  2 worms (D:2)
  2 dart slugs
  A leopard gecko (D:1)
  A giant cockroach (D:2)
  9 goblins
  2 hobgoblins
  5 jackals
  2 ball pythons (D:1)
  6 bats
  2 frilled lizards
  6 kobolds
  3 rats
43 creatures vanquished.

Vanquished Creatures (others)
  4 toadstools (D:1)
4 creatures vanquished.

Grand Total: 47 creatures vanquished

Notes
Turn   | Place    | Note
-------+----------+-------------------------------------------
     0 | D:1      | namelastname112 the Draconian Hunter began the quest for
                  | the Orb.
     0 | D:1      | Reached XP level 1. HP: 17/17 MP: 1/1
    57 | D:1      | Reached skill level 1 in Stealth
    98 | D:1      | Reached XP level 2. HP: 25/25 MP: 2/2
   384 | D:1      | Reached skill level 4 in Crossbows
   580 | D:2      | Reached XP level 3. HP: 28/30 MP: 3/3
  1323 | D:2      | Reached XP level 4. HP: 29/37 MP: 4/4
  1464 | D:3      | Noticed Sigmund
  1467 | D:3      | Noticed Robin
  1475 | D:3      | HP: 1/37 [something (5)]
  1477 | D:3      | Slain by a goblin

Vault maps used:
D:1:      ldierk_water_garden
D:2:      minmay_pentomino_z4
D:3:      elyvilon_altar_4, first_ration, uniq_terence, uniq_natasha, uniq_ijyb,
          uniq_sigmund, uniq_robin

Skill      XL: |  1  2 |
---------------+-------+-----
Stealth        | 1 |  1.9
Dodging        | 2 |  2.3
Crossbows      | 4 |  4.2
Fighting       | |  2.8
Long Blades    | |  0.2

Action                   |  1- 3 |  4- 6 || total
-------------------------+-------+-------++-------
Melee: Whip              |   124 |     9 ||   133
       Tailslap          |    13 |     2 ||    15
 Fire: Hand crossbow     |     1 |       ||     1
  Use: Potion            |     1 |     2 ||     3
 Stab: Sleeping          |     5 |     1 ||     6
  Eat: Chunk             |     1 |       ||     1
Armor: Skin              |    55 |     2 ||    57
Dodge: Dodged            |    72 |     3 ||    75

Table legend:
 A = Non-vault XP
 B = Vault XP
 C = Vault XP percentage of total XP
 D = Non-vault monster count
 E = Vault monster count
 F = Vault count percentage of total count
                 A         B        C        D         E       F
            +---------+---------+-------+---------+---------+-------
      Total |      88 |      12 |  12.0 |      38 |       5 |  11.6
            +---------+---------+-------+---------+---------+-------
        D:1 |      39 |       0 |   0.0 |      22 |       0 |   0.0
        D:2 |      49 |      12 |  19.7 |      16 |       5 |  23.8
            +---------+---------+-------+---------+---------+-------
